 Dungeon Crawl Stone Soup version 0.29.1-12-g30fa7ad0bf (webtiles) character file.

Game seed: 15668525679749461080

18 fantasyman the Shield-Bearer (level 2, -1/24 HPs)
             Began as a Formicid Fighter on Dec 20, 2022.
             Slain by a gnoll
             ... wielding a +0 spear
              (6 damage)
             ... on level 1 of the Dungeon.
             The game lasted 00:00:39 (608 turns).

fantasyman the Shield-Bearer (Formicid Fighter)      Turns: 608, Time: 00:00:40

Health: -1/24      AC:  6    Str: 20    XL:     2   Next: 90%
Magic:  2/2        EV:  9    Int:  7    God:
Gold:   35         SH:  5    Dex: 13    Spells: 1/1 levels left

rFire   . . .      SeeInvis +   a - +0 flail
rCold   . . .      Faith    .   c - +0 buckler
rNeg    . . .      Spirit   .   b - +0 scale mail
rPois   .          Reflect  .   (helmet unavailable)
rElec   .          Harm     .   (no cloak)
rCorr   .          Rampage  .   (no gloves)
Will    .....                   (no boots)
Stlth   ..........              (no amulet)
HPRegen 0.08/turn               (no ring)
MPRegen 0.08/turn               (no ring)

@: no status effects
A: permanent stasis, dig shafts and tunnels, antennae 3, four strong arms
a: Dig, Shaft Self


You were on level 1 of the Dungeon.
You visited 1 branch of the dungeon, and saw 1 of its levels.

You collected 35 gold pieces.

Inventory:

Hand Weapons
 a - a +0 flail (weapon)
Armour
 b - a +0 scale mail (worn)
 c - a +0 buckler (worn)
Scrolls
 f - a scroll of fear {unknown}
 h - a scroll of magic mapping {unknown}
 i - a scroll of poison {unknown}
Potions
 d - a potion of might
 e - a potion of lignification {unknown}
 g - a potion of brilliance {unknown}


   Skills:
 * Level 3.4 Fighting
 * Level 2.3 Maces & Flails
 * Level 3.4 Armour
 * Level 4.6 Shields


You had one spell level left.
You didn't know any spells.
Your spell library was empty.

Dungeon Overview and Level Annotations

Branches:
Dungeon (1/15)

Altars:


Innate Abilities, Weirdness & Mutations

You cannot be hasted, slowed, berserked, paralysed or teleported.
You can dig through walls and to a lower floor.
You have a pair of large antennae on your head. (SInv)
Your four strong arms can wield two-handed weapons with a shield.


Message History

The gnoll closely misses you.
There are monsters nearby!
There are monsters nearby!
There are monsters nearby!
You closely miss the gnoll.
The gnoll is severely wounded.
The bat barely misses you. The gnoll hits you with a +0 spear.
You closely miss the gnoll.
The gnoll is severely wounded.
The bat hits you but does no damage. The gnoll hits you with a +0 spear.
There are monsters nearby!
You are too injured to fight recklessly!
There are monsters nearby!
There are monsters nearby!
You are too injured to fight recklessly!
There are monsters nearby!
You are too injured to fight recklessly!
There are monsters nearby!
You barely miss the gnoll.
The gnoll is severely wounded.
The bat hits you but does no damage. You block the bat's attack.
The gnoll barely misses you. x2
You closely miss the gnoll.
The gnoll is severely wounded.
The bat barely misses you. The gnoll hits you with a +0 spear.
You barely miss the gnoll.
The gnoll is severely wounded.
The bat barely misses you. The gnoll closely misses you.
You barely miss the gnoll.
The gnoll is severely wounded.
The bat hits you but does no damage. You block the bat's attack.
The gnoll barely misses you. x2
You barely miss the gnoll.
The gnoll is severely wounded.
You block the bat's attack. The gnoll hits you with a +0 spear.
* * * LOW HITPOINT WARNING * * *
You barely miss the gnoll.
The gnoll is severely wounded.
The bat hits you but does no damage. The gnoll hits you with a +0 spear.
You die...

############
#(.........#
##.#######.#####.#
#.# #.b...... #.#
#@....... #.#
#g....... ##.#####
#........ #......#
#........ ######.#
#........ #######
#.# #........
#...... #.#
#........ #......
#.# #........
#.(.... #.#
#......


You could see a gnoll and a bat.

Vanquished Creatures
  A dart slug (D:1)
  2 endoplasms (D:1)
  3 goblins (D:1)
  2 hobgoblins (D:1)
  2 kobolds (D:1)
  2 ball pythons (D:1)
  3 bats (D:1)
  A rat (D:1)
16 creatures vanquished.

Notes
Turn   | Place    | Note
-------+----------+-------------------------------------------
     0 | D:1      | fantasyman the Formicid Fighter began the quest for the
                  | Orb.
     0 | D:1      | Reached XP level 1. HP: 18/18 MP: 1/1
   178 | D:1      | Reached XP level 2. HP: 21/24 MP: 2/2
   608 | D:1      | Slain by a gnoll

Illustrated notes

Levels and vault maps discovered:
D:1:      dpeg_arrival_water_altar, layout_basic

Action                   || total
-------------------------++-------
Melee: Flail             ||    65
Armor: Scale mail        ||    44
Dodge: Dodged            ||    44
Block: Buckler           ||    19
